Map: Hecate LE

Players

Djorjx

  • Race: Terran Terran
  • League: Master
  • Spawn Location: 1:00

Harstem - Winner!

  • Race: Protoss Protoss
  • League: Grandmaster
  • Spawn Location: 7:00

VOD

Have the link to the VOD?

Description

Time

  • Played on: Dec. 5, 2023, 9:44 a.m.
  • Length: 8:45
Show
View Real Time Build Order
Export as new Build Order

Djorjx Terran 

Build Orders:  

Get SALT Encoding   

  12  0:00  SCV  
  13  0:12  SCV  
  14  0:17  Supply Depot  
  14  0:24  SCV  
  15  0:38  SCV  
  15  0:40  Barracks  
  16  0:43  Refinery  
  16  0:50  SCV  
  17  1:03  SCV  
  18  1:15  SCV  
  19  1:27  Marine, Orbital Command  
  20  1:40  Command Center  
  20  1:51  Factory  
  20  1:54  SCV  
  21  2:02  Barracks Reactor  
  21  2:06  SCV  
  21  2:08  Supply Depot  
  22  2:16  Refinery  
  22  2:18  SCV  
  23  2:34  SCV  
  23  2:36  Bunker  
  24  2:38  Marine  
  24  2:39  Starport, Marine  
  26  2:46  Widow Mine, SCV  
  29  2:56  Marine x2  
  31  2:59  Orbital Command  
  31  3:04  SCV  
  32  3:09  Widow Mine  
  34  3:14  Marine x2  
  34  3:18  Medivac  
  38  3:28  Supply Depot, SCV  
  38  3:30  SCV  
  38  3:32  Marine, Factory Tech Lab  
  41  3:38  Marine  
  42  3:45  Barracks  
  42  3:47  SCV x2  
  44  3:52  Siege Tank  
  44  3:53  Starport Tech Lab  
  47  3:57  Supply Depot  
  47  4:00  Marine x2  
  49  4:04  SCV  
  49  4:05  SCV  
  51  4:13  Raven  
  53  4:18  Barracks  
  53  4:20  SCV  
  54  4:28  SCV  
  54  4:30  Marine  
  54  4:31  Marine  
  57  4:32  SCV  
  57  4:34  Refinery, Siege Tank  
  57  4:37  Engineering Bay  
  61  4:42  Marine  
  61  4:43  Supply Depot  
  62  4:53  Supply Depot  
  62  4:57  Supply Depot  
  62  5:05  Marine x2, Starport Reactor, SCV x2  
  62  5:06  Siege Tank  
  69  5:08  Marine  
  70  5:14  Marine  
  70  5:17  SCV x2  
  71  5:23  Marine  
  71  5:26  Stimpack  
  71  5:29  SCV x2  
  71  5:33  Marauder  
  74  5:36  Terran Infantry Weapons Level 1  
  74  5:40  Refinery  
  74  5:41  SCV x2  
  76  5:45  Marine  
  76  5:46  Marine  
  76  5:53  SCV x2  
  76  5:54  Marauder  
  79  6:06  Combat Shield, SCV  
  79  6:07  Marine x3  
  79  6:09  Factory Reactor  
  83  6:14  SCV  
  83  6:15  Marauder  
  86  6:25  Supply Depot  
  86  6:40  Marauder  
  86  6:47  Marine x3, Medivac x2, SCV  
  86  6:52  Supply Depot  
  94  6:54  Supply Depot  
  94  7:06  Concussive Shells  
  94  7:11  Supply Depot x2  
  94  7:14  Marauder, Widow Mine x2, SCV x2  
  102  7:16  Marine x2, Marauder  
  102  7:22  Viking, Medivac  
  110  7:34  Marine  
  110  7:35  Marauder, Widow Mine  
  110  7:37  Command Center, SCV  
  116  7:38  Marauder  
  118  7:53  Marine  
  118  7:54  Widow Mine  
  118  7:57  Marauder, Widow Mine  
  125  8:03  Marauder  
  93  8:17  Marine  
  93  8:18  Marauder  
  83  8:25  Marine  
Show
View Real Time Build Order
Export as new Build Order

Harstem Protoss - Winner!

Build Orders: 1 Gate Expand, Blink Stalkers 

Get SALT Encoding   

  12  0:00  Probe  
  13  0:12  Probe  
  14  0:17  Pylon  
  14  0:24  Probe  
  15  0:36  Gateway  
  15  0:37  Probe (Chrono Boost)  
  16  0:45  Assimilator  
  17  0:50  Probe (Chrono Boost)  
  17  0:55  Probe (Chrono Boost)  
  18  1:04  Probe  
  19  1:16  Probe  
  20  1:23  Cybernetics Core  
  20  1:32  Nexus  
  20  1:35  Probe  
  21  1:42  Pylon  
  21  1:48  Probe  
  21  1:51  Assimilator  
  22  1:58  Adept (Chrono Boost)  
  22  2:00  Probe  
  25  2:02  Warp Gate  
  25  2:12  Probe  
  26  2:18  Adept (Chrono Boost)  
  28  2:24  Probe  
  28  2:29  Twilight Council  
  29  2:36  Probe  
  30  2:45  Probe  
  30  2:48  Probe  
  30  2:49  Gateway  
  32  2:57  Probe  
  33  3:00  Probe, Blink (Chrono Boost)  
  34  3:09  Probe  
  34  3:12  Probe  
  36  3:14  Robotics Facility  
  36  3:18  Gateway  
  36  3:21  Probe  
  36  3:24  Probe  
  38  3:33  Probe  
  39  3:36  Probe  
  40  3:43  Pylon  
  40  3:45  Probe  
  41  3:49  Probe  
  41  3:50  Stalker x2  
  46  3:55  Pylon  
  46  4:02  Warp Prism (Chrono Boost), Pylon  
  49  4:13  Stalker x2  
  49  4:14  Stalker  
  54  4:29  Probe  
  55  4:37  Stalker x3  
  61  4:43  Nexus  
  61  4:48  Probe  
  61  4:50  Probe  
  63  4:54  Pylon  
  63  5:00  Stalker x2  
  63  5:01  Stalker  
  69  5:09  Probe  
  69  5:12  Probe, Assimilator  
  71  5:14  Forge  
  71  5:25  Probe (Chrono Boost)  
  71  5:26  Probe (Chrono Boost)  
  71  5:27  Charge  
  71  5:29  Gateway  
  69  5:38  Probe x2 (Chrono Boost), Stalker x2  
  74  5:45  Probe x2 (Chrono Boost)  
  74  5:46  Shield Battery  
  74  5:50  Protoss Ground Armor Level 1 (Chrono Boost)  
  74  5:52  Probe (Chrono Boost)  
  74  5:57  Probe (Chrono Boost)  
  74  6:00  Gateway  
  74  6:02  Probe (Chrono Boost)  
  74  6:03  Probe (Chrono Boost)  
  77  6:07  Observer (Chrono Boost)  
  77  6:09  Probe (Chrono Boost)  
  77  6:10  Gateway  
  79  6:11  Probe x2 (Chrono Boost), Gateway  
  79  6:17  Probe  
  81  6:20  Probe x2  
  81  6:24  Pylon  
  83  6:29  Gateway  
  83  6:30  Gateway  
  83  6:31  Sentry  
  83  6:32  Zealot  
  87  6:34  Probe  
  88  6:41  Probe  
  88  6:42  Zealot x2  
  88  6:43  Probe  
  88  6:45  Pylon  
  95  6:47  Probe  
  95  6:54  Zealot x3  
  101  7:01  Pylon  
  101  7:03  Immortal (Chrono Boost)  
  101  7:04  Zealot x2  
  109  7:11  Pylon  
  109  7:20  Pylon  
  109  7:21  Pylon  
  108  7:28  Zealot x3  
  108  7:29  Zealot  
  116  7:30  Probe  
  116  7:35  Zealot x3, Sentry  
  125  7:42  Robotics Bay  
  125  7:48  Observer  
  123  7:51  Probe  
  123  7:53  Zealot x5, Pylon  
  123  7:56  Zealot, Sentry  
  123  7:58  Pylon  
  137  7:59  Zealot x2  
  119  8:15  Zealot x5  
  102  8:20  Zealot x4  
  102  8:21  Probe  
  102  8:22  Probe  
  100  8:30  Probe  
  100  8:32  Observer (Chrono Boost)  
  90  8:35  Zealot x5  
  98  8:43  Stalker  
  98  8:44  Stalker  
Tags
 
Add a new tag
Caveats
  • Supply blocks, unpowered buildings, or Contaminate may cause inaccurate times.
  • Supply counts are checked every 10 seconds.